 Dungeon Crawl Stone Soup version 0.30-b1-2-g02819fbbbe (webtiles) character file.

Game seed: 9012066734009028784

91286 Mesmaeker13 the Zephyrmancer (level 15, -10/105 (112) HPs)
             Began as a Demigod Air Elementalist on July 14, 2023.
             Constricted to death by a shambling mangrove (14 damage)
             ... on level 2 of the Swamp.
             The game lasted 01:39:27 (34113 turns).

Mesmaeker13 the Zephyrmancer (DgAE)                Turns: 34113, Time: 01:39:28

HP:   -10/105 (112) AC: 14    Str: 14 (17) XL:     15   Next: 13%
MP:   36/41         EV: 10    Int: 31      God:
Gold: 2350          SH:  0    Dex: 17 (22) Spells: 16/32 levels left

rFire   + + .        M - +2 war axe (elec)
rCold   + . .        (no shield)
rNeg    . . .        F - +1 scale mail {rPois}
rPois   +            v - +0 helmet
rElec   .            H - scarf {rC+ rF+}
rCorr   .            e - +0 pair of gloves
SInv    .            G - +0 pair of boots
Will    +....        D - amulet "Mimmus" {Regen+ Dex+4}
Stlth   +            o - ring of magical power
HPRegen 1.17/turn    r - ring of Makhleb's Esteem {Fly rF+ Int+2 Dex+4}
MPRegen 0.27/turn

%: no passive effects
@: swift, grasped by roots, flying, constricted, drained, quick
A: high MP 1, forlorn, divine attributes, deterioration 1
a: no special abilities


You were on level 2 of the Swamp.
You visited 4 branches of the dungeon, and saw 23 of its levels.
You also visited: Ossuary and Gauntlet.

You collected 2676 gold pieces.
You spent 326 gold pieces at shops.

Inventory:

Hand Weapons
 M - a +2 war axe of electrocution (weapon)
Missiles
 N - 3 curare-tipped darts (quivered)
Armour
 e - a +0 pair of gloves (worn)
 v - a +0 helmet (worn)
 F - a +1 scale mail of poison resistance (worn)
 G - a +0 pair of boots (worn)
 H - a scarf of resistance (worn)
 K - the +10 chain mail "Qoutzeoh" {Will+ Str+3}
   (You found it in a Gauntlet)

   Str:       It affects your strength (+3).
   Will:      It increases your willpower.
Magical Staves
 p - a staff of conjuration
 u - the staff of cold "Woum" {rC+ Int+2 SInv}
   (You found it in a Gauntlet)

   [staff of cold]

   Base accuracy: +5 Base damage: 5 Base attack delay: 1.2 This weapon's minimum
   attack delay (0.6) is reached at skill level 12.
   Int:       It affects your intelligence (+2).
   rC:        It protects you from cold.
   SInv:      It lets you see invisible.
   It falls into the 'Staves' category.
   It is a one-handed weapon.
 T - the staff of cold "Xireicon" {Fragile rElec rC+ Will++ SInv}
   (You found it on level 5 of the Lair of Beasts)

   [staff of cold]

   Base accuracy: +5 Base damage: 5 Base attack delay: 1.2 This weapon's minimum
   attack delay (0.6) is reached at skill level 12.
   rC:        It protects you from cold.
   rElec:     It insulates you from electricity.
   SInv:      It lets you see invisible.
   Fragile:   It will be destroyed if unequipped.
   Will:      It greatly increases your willpower.
   It falls into the 'Staves' category.
   It is a one-handed weapon.
Jewellery
 c - a ring of protection from fire
 o - a ring of magical power (left hand)
 r - the ring of Makhleb's Esteem (right hand) {Fly rF+ Int+2 Dex+4}
   (You found it in a Gauntlet)

   [ring of protection from fire]

   Int:       It affects your intelligence (+2).
   Dex:       It affects your dexterity (+4).
   rF:        It protects you from fire.
   Fly:       It grants you flight.
 s - a ring of protection from cold
 t - an amulet of the acrobat
 D - the amulet "Mimmus" (around neck) {Regen+ Dex+4}
   (You found it in a Gauntlet)

   [amulet of regeneration]

   Dex:       It affects your dexterity (+4).
   Regen:     It increases your rate of health regeneration.
 E - a ring of see invisible
 V - a ring of poison resistance
Wands
 k - a wand of flame (10)
 m - a wand of digging (10)
Scrolls
 d - a scroll of magic mapping
 f - 5 scrolls of fog
 g - a scroll of silence
 q - 2 scrolls of vulnerability
 J - 6 scrolls of amnesia
 O - a scroll of torment
 P - 2 scrolls of poison
 Q - 5 scrolls of teleportation
 W - 2 scrolls of summoning
 X - 3 scrolls of immolation
Potions
 a - 3 potions of flight
 b - 2 potions of magic
 h - 3 potions of ambrosia
 i - 4 potions of brilliance
 j - 7 potions of heal wounds
 n - 15 potions of curing
 w - 8 potions of attraction
 x - 5 potions of mutation {unknown}
 z - 2 potions of cancellation {unknown}
 A - 3 potions of haste
 B - 2 potions of berserk rage {unknown}
 C - a potion of invisibility
 I - 6 potions of might
 L - a potion of lignification {unknown}
Miscellaneous
 R - a lightning rod (1/4)
 S - a phial of floods
 U - a box of beasts
 Y - a tin of tremorstones (2/2)


   Skills:
 + Level 4.9 Fighting
 + Level 9.8 Armour
 - Level 8.0 Dodging
 - Level 1.7 Stealth
 - Level 9.0 Spellcasting
 + Level 10.8 Conjurations
 + Level 10.6 Summonings
 + Level 11.3 Air Magic
 + Level 2.6 Earth Magic
 - Level 8.3 Evocations


You had 16 spell levels left.
You knew the following spells:

 Your Spells              Type           Power      Damage    Failure   Level
a - Shock                 Conj/Air       100%       1d9       1%          1
b - Animate Armour        Summ/Erth      100%       N/A       8%          4
c - Swiftness             Air            71%        N/A       1%          3
d - Airstrike             Air            35%        2d(6-22)  1%          4
e - Summon Lightning Spi  Summ/Air       70%        N/A       1%          4

Your spell library contained the following spells:

 Spells                   Type           Power      Damage    Failure   Level
 Magic Dart               Conj           100%       1d8       1%          1
 Summon Small Mammal      Summ           100%       N/A       1%          1
 Call Imp                 Summ           100%       N/A       1%          2
 Static Discharge         Conj/Air       100%       2-7/arc   1%          2
 Call Canine Familiar     Summ           69%        N/A       1%          3
 Mephitic Cloud           Conj/Pois/Air  56%        N/A       1%          3
 Summon Guardian Golem    Hex/Summ       47%        N/A       3%          3
 Passwall                 Tmut/Erth      18%        N/A       10%         2
 Slow                     Hex            56%        N/A       12%         1
 Fulminant Prism          Conj/Hex       23%        3d12      12%         4
 Iskenderun's Mystic Bla  Conj/Tloc      47%        2d10      12%         4
 Ensorcelled Hibernation  Hex/Ice        28%        N/A       17%         2
 Lesser Beckoning         Tloc           28%        N/A       17%         2
 Conjure Ball Lightning   Conj/Air       35%        3x3d11    19%         6
 Confusing Touch          Hex            14%        N/A       34%         3
 Gell's Gravitas          Tloc           14%        N/A       34%         3
 Teleport Other           Tloc           14%        N/A       34%         3
 Vampiric Draining        Necr           14%        2d7       34%         3
 Volatile Blastmotes      Fire/Tloc      28%        2d12      34%         3
 Irradiate                Conj/Tmut      23%        3d19      34%         5
 Lee's Rapid Deconstruct  Erth           15%        3d10*     73%         5
 Iron Shot                Conj/Erth      27%        9d6       73%         6
 Animate Dead             Necr           14%        N/A       75%         4
 Blade Hands              Tmut           7%         N/A       97%         5
 Dragon Form              Tmut           7%         N/A       100%        7
 Haunt                    Necr/Summ      23%        N/A       100%        7
 Storm Form               Tmut/Air       24%        N/A       100%        7
 Discord                  Hex            7%         N/A       100%        8
 Disjunction              Tloc           7%         N/A       100%        8
 Infestation              Necr           7%         N/A       100%        8
 Maxwell's Capacitive Co  Air            35%        ∞         100%        8


Dungeon Overview and Level Annotations

Branches:
Dungeon (14/15)            Temple (0/1) D:7            Lair (5/5) D:11
  Swamp (2/4) Lair:2        Snake (0/4) Lair:2        Slime (0/5) Lair:5
    Orc (2/2) D:12            Elf (0/3) Orc:2       Ossuary (visited)
Gauntlet (visited)
 Vaults: D:13-14

Shops:
D:3 ?   Orc:2 [=*?!

Portals:
Pandemonium: Orc:2

Annotations:
Lair:2 3 runed translucent doors, Termiter's ghost, journeyman DsNe
Lair:4 2 runed translucent doors, Setanta's ghost, journeyman FoFi
Lair:5 4 exclusions
Orc:2 3 runed translucent doors, NimIero's ghost, journeyman DsBe


Innate Abilities, Weirdness & Mutations

You have an increased reservoir of magic. (+10% MP)
You shall have no god before yourself.
Your divine heritage dramatically boosts your attributes as you level up.
Your body sometimes deteriorates upon taking damage.


Message History

The eight-headed hydra bites you! The eight-headed hydra bites you.
The eight-headed hydra misses you. The eight-headed hydra bites you.
The eight-headed hydra bites you!
Your body deteriorates!
You feel clumsy.
The eight-headed hydra bites you but does no damage.
The eight-headed hydra misses you. The eight-headed hydra bites you.
Unknown command.
Casting: Animate Armour (dangerous; 8% risk of failure)
Confirm with . or Enter, or press ? or * to list all spells.
Okay, then.
Casting: Animate Armour (dangerous; 8% risk of failure)
Confirm with . or Enter, or press ? or * to list all spells.
You feel quick.
The eight-headed hydra bites you but does no damage.
The eight-headed hydra bites you!
The eight-headed hydra bites you but does no damage. x2
The eight-headed hydra bites you!
The eight-headed hydra bites you but does no damage.
The eight-headed hydra barely misses you.
The eight-headed hydra bites you but does no damage.
A four-headed hydra comes into view.
The four-headed hydra roars!
A tyrant leech comes into view.
Roots burst forth from the earth!
The grasping roots grab you! The grasping roots constrict you.
* * * LOW HITPOINT WARNING * * *
The roots grasp on you weakens, but your attempt to escape fails.
The eight-headed hydra closely misses you.
The eight-headed hydra bites you.
* * * LOW HITPOINT WARNING * * *
The eight-headed hydra bites you!
* * * LOW HITPOINT WARNING * * *
The eight-headed hydra bites you!
* * * LOW HITPOINT WARNING * * *
The eight-headed hydra bites you but does no damage.
The eight-headed hydra closely misses you.
The eight-headed hydra bites you but does no damage. x2
The grasping roots constrict you!
You die...

~~..~~~~~..~~~.
...~~~~~..!......~.....
~..~~~~~..../......§.~~
...~~~.<..~~~...~~...~~
♣...~...~~~~~§..~§~...~
♣♣~♣♣~.~~~~~~...~~~~...
~~♣♣.~~.~~~.~~D~~. .~~
.~♣♣~.§~....♣ ...~
~...w....@..♣ ~~.
~~.f~.♣♣♣.D♣♣♣ ~~. ~~~~ ~♣
♣...~♣♣ ♣ ♣♣~~~.♣♣..♣
♣.~~~~.~.♣ ~...♣~~~~.~
♣~~~~~.~~~♣
..~~~.~~~.♣♣♣.~~~.~~§~.♣..♣
~~~~...~...♣.~~~~~...~♣~.~♣
.~...♣....~.♣..~.♣♣♣♣♣♣♣~♣♣


You could see a shambling mangrove, an eight-headed hydra, a four-headed hydra
and a tyrant leech.

Vanquished Creatures
  Snorg (Orc:1)
  A ghost crab (Swamp:1)
  2 hydras
  A demonspawn (Orc:2)
  A centaur warrior (D:9)
  5 two-headed ogres
  2 boulder beetles
  2 death yaks (Lair:4)
  6 orc high priests (Orc:2)
  Sonja (D:10)
  The ghost of MiniNoises the Skirmisher, a novice MiHu of Nemelex Xobeh (D:6)
  2 wizards (D:9)
  3 ugly things
  An ice statue (Lair:5)
  3 black mambas (Lair:1)
  3 cane toads
  A gargoyle (D:10)
  2 unseen horrors
  A kobold demonologist (D:9)
  Psyche (D:10)
  A komodo dragon (Lair:4)
  A rime drake (Lair:4)
  An ice devil (Lair:5)
  3 polar bears (Lair:5)
  A meliai (D:13)
  2 trolls
  5 hornets
  4 blink frogs
  3 dream sheep (Lair:5)
  5 slime creatures
  A wyvern (D:8)
  2 wraiths
  6 spriggans (Lair:5)
  29 yaks
  A fire bat (Gauntlet)
  A steam dragon (D:9)
  A basilisk (Lair:1)
  3 vampire mosquitoes (D:12)
  A chaos spawn (Gauntlet)
  A neqoxec (Gauntlet)
  2 wargs (Orc:2)
  3 swamp worms
  4 acid dragons
  A hell hound (Gauntlet)
  8 water moccasins
  16 orc warriors
  A sky beast (D:6)
  5 ice beasts
  3 black bears
  5 ogres
  2 boggarts (Lair:5)
  8 wolves
  11 centaurs
  3 kobold brigands
  3 scorpions
  14 bullfrogs
  17 wights
  A killer bee (D:9)
  9 howler monkeys
  2 electric eels
  A bullfrog zombie (D:4)
  14 orc priests
  2 jellies
  3 hounds
  2 iguanas
  A gnoll bouda (D:6)
  2 sleepcaps (D:6)
  17 orc wizards
  2 scorpion zombies (D:4)
  A nameless horror (Swamp:1)
  A hound zombie (D:4)
  8 mummies (Ossuary)
  9 gnolls
  9 adders
  3 shadow imps (D:7)
  19 white imps
  3 ufetubi
  A worm (D:3)
  A dart slug (D:5)
  57 orcs
  8 endoplasms
  2 giant cockroaches (D:2)
  3 gnoll zombies (Ossuary)
  11 goblins
  5 hobgoblins
  2 jackals (D:5)
  4 quokkas
  3 ball pythons
  5 bats
  5 frilled lizards
  2 hobgoblin zombies (Ossuary)
  22 kobolds
  3 orc zombies (Ossuary)
  6 rats
467 creatures vanquished.

Vanquished Creatures (collateral kills)
  A fenstrider witch (Swamp:1)
  An orc warlord (Orc:2)
  An ettin (Orc:1)
  Erolcha (D:13)
  3 hydras
  2 demonspawn (Orc:2)
  5 two-headed ogres (Orc:1)
  An ogre mage (Orc:1)
  2 boulder beetles
  A hell hog (Gauntlet)
  A tengu warrior (D:9)
  7 death yaks
  2 orc high priests (Orc:2)
  A goliath frog (Swamp:1)
  2 bog bodies (Swamp:1)
  A spriggan druid (Swamp:1)
  A deep elf pyromancer (D:13)
  4 orc sorcerers (Orc:2)
  5 orc knights (Orc:2)
  4 ugly things
  2 manticores
  An oklob plant (Lair:5)
  A cyclops (D:13)
  A wolf spider (D:13)
  A rust devil (Orc:2)
  A black mamba (Lair:4)
  2 orange demons (Orc:2)
  A torpor snail (Lair:5)
  7 cane toads
  A gargoyle (D:13)
  5 komodo dragons
  A freezing wraith (D:14)
  A red devil (Orc:2)
  2 meliai (D:13)
  3 polar bears (Lair:5)
  A troll (Orc:1)
  8 tyrant leeches
  3 hornets
  3 dream sheep (Lair:5)
  4 blink frogs (Lair:4)
  4 slime creatures
  A shadow (D:12)
  11 spriggans
  A wraith (D:12)
  2 fire bats (Gauntlet)
  13 yaks
  A chaos spawn (Orc:2)
  A steam dragon (Lair:3)
  6 vampire mosquitoes
  2 wargs (Orc:1)
  2 swamp worms
  5 water moccasins
  3 ice beasts (Lair:5)
  27 orc warriors
  3 black bears (Lair:5)
  18 wolves
  4 centaurs (D:13)
  7 ogres
  A boggart (Lair:5)
  A bullfrog (Lair:2)
  A gnoll sergeant (D:9)
  23 orc priests
  11 orc wizards
  3 white imps
  46 orcs
292 creatures vanquished.

Vanquished Creatures (others)
  2 spriggans (Swamp:1)
  A swamp worm (Swamp:1)
  An orc wizard (D:8)
  An orc (D:11)
  5 demonic plants (D:7)
  32 fungi
  43 plants
85 creatures vanquished.

Grand Total: 844 creatures vanquished

Notes
Turn   | Place    | Note
-------+----------+-------------------------------------------
     0 | D:1      | Mesmaeker13 the Demigod Air Elementalist began the quest
                  | for the Orb.
     0 | D:1      | Reached XP level 1. HP: 14/14 MP: 5/5
    57 | D:1      | Reached skill level 1 in Conjurations
   305 | D:1      | Reached XP level 2. HP: 20/20 MP: 5/7
   503 | D:1      | Reached skill level 3 in Air Magic
   980 | D:2      | Noticed a scorpion
  1122 | D:2      | Reached XP level 3. HP: 26/26 MP: 3/9
  1768 | D:2      | Killed a scorpion
  1769 | D:2      | Reached XP level 4. HP: 15/33 MP: 2/11
  2151 | D:2      | Reached XP level 5. HP: 38/38 MP: 12/12
  2501 | D:3      | Learned a level 2 spell: Static Discharge
  2672 | D:3      | Reached skill level 4 in Air Magic
  3350 | D:3      | Found Deli's Magic Scroll Boutique.
  4028 | D:4      | Reached XP level 6. HP: 29/45 MP: 12/14
  4157 | D:4      | Found a sand-covered staircase.
  4168 | Ossuary  | Entered an ossuary
  5484 | D:5      | Entered Level 5 of the Dungeon
  5554 | D:5      | Learned a level 3 spell: Swiftness
  5747 | D:5      | Reached XP level 7. HP: 50/50 MP: 16/16
  6361 | D:4      | Reached skill level 1 in Armour
  6535 | D:5      | Reached skill level 5 in Air Magic
  7035 | D:6      | Reached XP level 8. HP: 57/57 MP: 18/18
  7115 | D:6      | Found a runed translucent door.
  7115 | D:6      | Noticed MiniNoises's ghost (novice MiHu)
  7667 | D:7      | Found a staircase to the Ecumenical Temple.
  7823 | D:6      | Reached skill level 5 in Conjurations
  7993 | D:7      | Reached skill level 5 in Spellcasting
  8029 | D:6      | Reached skill level 6 in Air Magic
  8605 | D:7      | Reached XP level 9. HP: 45/62 MP: 5/21
  9400 | D:8      | Learned a level 4 spell: Airstrike
  9923 | D:8      | Reached skill level 5 in Armour
  9980 | D:8      | Reached skill level 7 in Air Magic
 10963 | D:9      | Noticed a two-headed ogre
 10985 | D:9      | Killed a two-headed ogre
 10986 | D:9      | Reached XP level 10. HP: 69/69 MP: 11/24
 11448 | D:9      | Noticed a two-headed ogre
 11482 | D:9      | Killed a two-headed ogre
 11483 | D:9      | Reached skill level 8 in Air Magic
 12221 | D:9      | Noticed a centaur warrior
 12235 | D:9      | HP: 3/69 [centaur warrior (1)]
 12416 | D:9      | Killed a centaur warrior
 12668 | D:9      | Noticed an eight-headed hydra
 12686 | D:9      | Noticed a goliath frog
 12918 | D:10     | Entered Level 10 of the Dungeon
 13206 | D:10     | Noticed Sonja
 13213 | D:10     | Killed Sonja
 13214 | D:10     | Reached XP level 11. HP: 62/74 MP: 26/26
 14029 | D:10     | Noticed Psyche
 14031 | D:10     | Killed Psyche
 14087 | D:10     | Noticed a two-headed ogre
 14090 | D:10     | Killed a two-headed ogre
 14091 | D:10     | Reached skill level 9 in Air Magic
 14496 | D:11     | Found a staircase to the Lair.
 14542 | D:11     | Noticed a two-headed ogre
 14716 | D:9      | Noticed a two-headed ogre
 14716 | D:9      | Noticed a boulder beetle
 14761 | D:9      | Killed a two-headed ogre
 14866 | D:9      | Noticed a wizard
 14884 | D:9      | Killed a wizard
 14961 | D:9      | Noticed a wizard
 15096 | D:11     | Noticed a boulder beetle
 15635 | D:11     | Killed a two-headed ogre
 15781 | Lair:1   | Entered Level 1 of the Lair of Beasts
 16246 | Lair:1   | Learned a level 4 spell: Summon Lightning Spire
 16412 | Lair:1   | Reached skill level 1 in Summonings
 16786 | Lair:1   | Reached skill level 10 in Air Magic
 16786 | Lair:1   | Reached XP level 12. HP: 66/81 MP: 17/29
 17275 | Lair:2   | Noticed Termiter's ghost (journeyman DsNe)
 17277 | Lair:2   | Noticed a seven-headed hydra
 17321 | Lair:2   | Found a runed translucent gate.
 17321 | Lair:2   | Found a runed translucent gate.
 17356 | Lair:2   | Identified the +3 falchion "Iqyffuha" {flame, Dex+3}
 17376 | Lair:2   | Reached skill level 1 in Evocations
 17542 | Lair:2   | Noticed a five-headed hydra
 17859 | Lair:2   | Killed a five-headed hydra
 17950 | Lair:2   | Noticed a seven-headed hydra
 17951 | Lair:2   | Reached skill level 5 in Summonings
 17955 | Lair:2   | Killed a seven-headed hydra
 18298 | Lair:2   | Found a staircase to the Swamp.
 18383 | Lair:2   | Reached skill level 5 in Dodging
 18597 | Lair:2   | Found a runed translucent gate.
 18657 | Lair:2   | Found a staircase to the Snake Pit.
 20106 | Lair:4   | Reached XP level 13. HP: 65/86 MP: 9/30
 20261 | Lair:4   | Found a large runed translucent door.
 20265 | Lair:4   | Found a large runed translucent door.
 20266 | Lair:4   | Noticed Setanta's ghost (journeyman FoFi)
 21046 | Lair:5   | Entered Level 5 of the Lair of Beasts
 21048 | Lair:5   | Found a staircase to the Slime Pits.
 21296 | Lair:5   | Reached skill level 5 in Evocations
 23279 | Lair:5   | Identified the staff of cold "Xireicon" {Fragile rElec rC+
                  | Will++ SInv}
 24764 | D:9      | Reached skill level 10 in Summonings
 25659 | D:12     | Found a staircase to the Orcish Mines.
 26163 | Orc:1    | Entered Level 1 of the Orcish Mines
 26226 | Orc:1    | Reached XP level 14. HP: 62/93 MP: 31/31
 26236 | Orc:1    | Noticed Snorg
 26716 | Orc:1    | Killed Snorg
 26974 | Orc:1    | Reached skill level 1 in Fighting
 27182 | Orc:2    | Entered Level 2 of the Orcish Mines
 27182 | Orc:2    | Noticed an orc warlord
 27241 | Orc:2    | Found a gate leading to a gauntlet.
 27256 | Gauntlet | Entered a Gauntlet
 27256 | Gauntlet | Found a transporter.
 27260 | Gauntlet | Found a transporter.
 27261 | Gauntlet | Found a transporter.
 27276 | Gauntlet | Found a transporter.
 27279 | Gauntlet | Found a transporter.
 27291 | Gauntlet | Found a transporter.
 27306 | Gauntlet | Found a transporter.
 27317 | Gauntlet | Found a transporter.
 27329 | Gauntlet | Found a transporter.
 27343 | Gauntlet | Found a transporter.
 27355 | Gauntlet | Found a transporter.
 27355 | Gauntlet | Found a transporter.
 27429 | Gauntlet | Found a transporter.
 27432 | Gauntlet | Found a transporter.
 27637 | Gauntlet | Identified the ring of Makhleb's Esteem {Fly rF+ Int+2
                  | Dex+4}
 27683 | Gauntlet | Gained mutation: Your body sometimes deteriorates upon
                  | taking damage. [a neqoxec]
 27827 | Gauntlet | Identified the amulet "Mimmus" {Regen+ Dex+4}
 27832 | Gauntlet | Identified the +10 chain mail "Qoutzeoh" {Will+ Str+3}
 27962 | Gauntlet | Identified the staff of poison "Kilal" {rPois rN++ Str+2}
 28008 | Gauntlet | Identified the staff of cold "Woum" {rC+ Int+2 SInv}
 28359 | Orc:2    | Found a runed translucent gate.
 28360 | Orc:2    | Found a runed translucent gate.
 28361 | Orc:2    | Found a runed translucent gate.
 28362 | Orc:2    | Noticed NimIero's ghost (journeyman DsBe)
 28376 | Orc:2    | Found Reizacw's Magic Scroll Shoppe.
 28482 | Orc:2    | Killed an orc warlord
 28511 | Orc:2    | Found Reolorr's General Store.
 28684 | Orc:2    | Bought a scroll of identify for 30 gold pieces
 28734 | Orc:2    | Identified the +2 long sword of Eternal Vigilance {spect,
                  | Drain Will+++ Dex-2 Stlth+}
 28959 | Orc:2    | Found a staircase to the Elven Halls.
 28978 | Orc:2    | Found Birag's Distillery.
 29095 | Orc:2    | Reached skill level 10 in Conjurations
 30478 | Orc:2    | Reached skill level 11 in Air Magic
 30508 | Orc:2    | Found Juazodom's Jewellery Shop.
 30508 | Orc:2    | Found Icsucria's Antique Armour Boutique.
 30509 | Orc:2    | Found a one-way gate leading to the halls of Pandemonium.
 30513 | Orc:2    | Bought a blackened scale mail for 198 gold pieces
 30513 | Orc:2    | Identified the +2 scale mail of the Sea {rF+ rN+ Will-
                  | rCorr} (You bought it in a shop on level 2 of the Orcish
                  | Mines)
 30824 | D:6      | Killed MiniNoises's ghost
 30997 | D:3      | Bought a scroll of fear for 56 gold pieces
 30997 | D:3      | Bought a scroll of teleportation for 42 gold pieces
 31179 | D:12     | Learned a level 4 spell: Animate Armour
 31445 | D:13     | Noticed Erolcha
 31461 | D:13     | Killed Erolcha
 31624 | D:13     | Reached skill level 1 in Earth Magic
 32583 | Swamp:1  | Entered Level 1 of the Swamp
 32880 | Swamp:1  | Noticed a fenstrider witch
 32890 | Swamp:1  | Killed a fenstrider witch
 32900 | Swamp:1  | Reached XP level 15. HP: 101/111 MP: 32/32
 34113 | Swamp:2  | HP: 4/105 [eight-headed hydra (10)]
 34113 | Swamp:2  | Constricted to death by a shambling mangrove

Illustrated notes

Levels and vault maps discovered:
D:1:      roderic_chinese_lattice_arrival, layout_loops_ring
D:2:      layout_basic
D:3:      layout_basic, nemelex_spade_bored_becter,
          mainiacjoe_overflow_small_starburst, serial_shops,
          nicolae_shop_tiny_waterfront
D:4:      layout_loops_ring, nicolae_yredelemnul_corpse_copse, enter_ossuary_3
D:5:      layout_cave_pods, minmay_misc_feat_room
D:6:      layout_basic, serial_rivers, chequers_serial_rivers_micro_a,
          chequers_serial_rivers_micro_e, chequers_serial_rivers_micro_c,
          chequers_serial_rivers_small_b, hellmonk_ghost_happy_afterlife,
          minivault_1, minmay_misc_feat_enclosed, minmay_misc_feat_columns
D:7:      layout_cave_pools, minmay_temple_entry_trees, serial_demonic,
          serial_demonic_g, serial_demonic_c, serial_demonic_c, serial_demonic_g
D:8:      layout_basic, eino_small_chamber_without_monster, minmay_ruined_shrine
D:9:      minmay_the_grid_4x2 [minmay_the_grid_eight, minmay_the_grid_plusring,
          minmay_the_grid_rooms, minmay_the_grid_square_x, minmay_the_grid_tree,
          minmay_the_grid_medium_cups, minmay_the_grid_odd_star,
          minmay_the_grid_prize_four_corners], layout_irregular_city,
          kennysheep_little_box, due_unseen_surprise
D:10:     layout_long_grid, uniq_sonja, uniq_psyche
D:11:     layout_long_grid, lair_entry_dummy, portal_ice_cave_entry_imps,
          special_room [special_room_orc]
D:12:     layout_cave_pools, orc_0_dummy
D:13:     layout_basic, dreamdust_wishing_well, uniq_erolcha
D:14:     layout_loops_cross, david_vaults_2, kennysheep_generic_room_15,
          uniq_frances
Lair:1:   layout_big_grid
Lair:2:   layout_regular_city, minmay_swamp_entry_worms, dummy_snake_entry,
          gammafunk_ghost_split
Lair:3:   layout_roguey, serial_bayou_shore_a, serial_bayou_shore_b
Lair:4:   layout_cave_pods, ebering_ghost_disaster_area, minivault_24,
          minivault_27
Lair:5:   minmay_lair_end_enchanted_forest, layout_regular_city, slime_entry_1,
          st_stairs_13, columned_hall_lemuel, chequers_serial_rivers_room_a,
          ice2_lemuel
Swamp:1:  layout_basic_swamp, nicolae_swamp_bean_lake, wheals_swamp_sinkhole
Swamp:2:  layout_basic_swamp, hangedman_swamp_ruin_wall, swamp_pool4,
          nicolae_swamp_necromancy_gone_wrong
Orc:1:    layout_diamond_mine, nicolae_orc_lava_room, uniq_snorg
Orc:2:    pf_orc_diabolical, layout_diamond_mine, basic_altar,
          biasface_ghost_orc_armoury, gauntlet_entry_generic, serial_shops,
          shop, minmay_orc_temple_c

Skill      XL: |  1  2  3  4  5  6  7  8  9 10 11 12 13 14 15 |
---------------+----------------------------------------------+-----
Conjurations   | 1 2 3 4 5 7 8 9 10 | 10.8
Spellcasting   | 2 3 4 5 6 7 9 |  9.0
Air Magic      | 3 4 5 6 7 8 10 11 | 11.3
Dodging        | 2 3 5 7 8 |  8.0
Armour         | 2 4 5 7 8 9 |  9.8
Summonings     | 2 7 10 | 10.6
Evocations     | 4 7 8 |  8.3
Fighting       | 4 |  4.9
Earth Magic    | 1 2 |  2.6
Stealth        | |  1.7

Action                     |  1- 3 |  4- 6 |  7- 9 | 10-12 | 13-15 || total
---------------------------+-------+-------+-------+-------+-------++-------
  Melee: Whip              |       |       |    28 |    19 |       ||    47
         War axe           |       |       |       |    26 |   217 ||   243
         Punch             |       |       |       |       |     3 ||     3
  Throw: Dart              |       |       |       |       |     3 ||     3
   Cast: Shock             |    84 |   227 |   314 |   278 |   116 ||  1019
         Static Discharge  |       |     8 |    17 |    37 |       ||    62
         Swiftness         |       |       |     3 |     5 |     9 ||    17
         Airstrike         |       |       |    30 |   115 |   145 ||   290
         Summon Lightning  |       |       |       |    38 |   186 ||   224
         Animate Armour    |       |       |       |       |    20 ||    20
  Evoke: Wand              |       |       |    17 |    40 |    54 ||   111
         Lightning rod     |       |       |       |    11 |    21 ||    32
         Box of beasts     |       |       |       |       |     2 ||     2
         Phial of floods   |       |       |       |       |     2 ||     2
    Use: Scroll            |       |     6 |     2 |    13 |    19 ||    40
         Potion            |       |       |     2 |     7 |    11 ||    20
   Stab: Paralysed         |       |       |     2 |     2 |       ||     4
         Distracted        |       |       |       |     1 |     9 ||    10
         Invisible         |       |       |       |       |     1 ||     1
 Armour: Robe              |     4 |    13 |     4 |       |       ||    21
         Leather armour    |       |       |    56 |    93 |    36 ||   185
         Scale mail        |       |       |       |       |   184 ||   184
  Dodge: Dodged            |    18 |    32 |   115 |   218 |   363 ||   746
